 Dungeon Crawl Stone Soup version 0.30.0-5-g1a98f26d00 (webtiles) character file.

Game seed: 13286440749184361171

1110 fozzywoppz the Trooper (level 8, -5/52 HPs)
             Began as a Gargoyle Fighter on May 11, 2023.
             Was an Initiate of Qazlal.
             Slain by an orc warrior
             ... wielding a +0 trident
              (12 damage)
             ... on level 6 of the Dungeon.
             The game lasted 00:12:50 (5394 turns).

fozzywoppz the Trooper (Gargoyle Fighter)           Turns: 5394, Time: 00:12:50

Health: -5/52      AC: 15    Str: 20    XL:     8   Next: 33%
Magic:  10/10      EV:  9    Int:  9    God:    Qazlal [......]
Gold:   275        SH:  5    Dex: 11    Spells: 7/7 levels left

rFire   . . .        y - +1 whip (heavy)
rCold   . . .        c - +0 buckler
rNeg    + . .        b - +0 scale mail
rPois   ∞            d - +0 helmet {SInv}
rElec   +            (no cloak)
rCorr   .            v - +0 pair of gloves
SInv    +            (no boots)
Will    .....        u - amulet of the acrobat Stlth
                     (no ring)
HPRegen 0.28/turn    (no ring)
MPRegen 0.12/turn

%: acrobat
@: no status effects
A: sickness immunity, AC +5, negative energy resistance 1, electricity
resistance, torment resistance 1, petrification resistance
a: Renounce Religion


You were on level 6 of the Dungeon.
You worshipped Qazlal.
Qazlal was noncommittal.
You visited 2 branches of the dungeon, and saw 7 of its levels.

You collected 275 gold pieces.

Inventory:

Hand Weapons
 y - a +1 heavy whip (weapon)
Missiles
 B - 4 silver javelins (quivered)
Armour
 b - a +0 scale mail (worn)
 c - a +0 buckler (worn)
 d - a +0 helmet of see invisible (worn)
 v - a +0 pair of gloves (worn)
Jewellery
 u - an amulet of the acrobat (around neck)
Wands
 e - a wand of polymorph (11)
 m - a wand of flame (12)
 n - a wand of iceblast (12)
Scrolls
 h - a scroll of blinking
 i - a scroll of vulnerability
 j - a scroll of teleportation
 k - 2 scrolls of magic mapping
 p - a scroll of fear
Potions
 a - a potion of lignification
 o - 3 potions of curing
 q - a potion of heal wounds
 r - a potion of cancellation
 w - a potion of invisibility
 A - a potion of berserk rage {unknown}


   Skills:
 + Level 6.7 Fighting
 + Level 5.6 Maces & Flails
 - Level 5.0 Armour
 - Level 5.0 Shields
 + Level 3.1 Invocations


You had 7 spell levels left.
You didn't know any spells.
Your spell library contained the following spells:

 Spells                   Type           Power      Damage    Failure   Level
 Ensorcelled Hibernation  Hex/Ice        0%         N/A       90%         2
 Passwall                 Tmut/Erth      0%         N/A       90%         2
 Swiftness                Air            0%         N/A       99%         3


Dungeon Overview and Level Annotations

Branches:
Dungeon (6/15)             Temple (1/1) D:4

Altars:
Ashenzari
Dithmenos
Elyvilon
Fedhas
Kikubaaqudgha
Makhleb
Nemelex Xobeh
Qazlal
Sif Muna
Trog
Uskayaw
Vehumet
Xom
Zin
The Shining One


Innate Abilities, Weirdness & Mutations

You are immune to sickness and miasma.
Your stone body is resilient. (AC +5)
You are immune to poison.
You resist negative energy. (rN+)
You are resistant to electric shocks. (rElec)
You are resistant to unholy torment.
You are immune to petrification.


Message History

The orc warrior hits you with a +0 trident.
The orc warrior closely misses you.
Unknown command.
You closely miss the orc warrior.
The orc warrior is lightly wounded.
The orc warrior hits you but does no damage.
You hit the orc warrior.
The orc warrior is lightly wounded.
The orc warrior hits you but does no damage.
You hit the orc warrior but do no damage.
The orc warrior is lightly wounded.
The orc warrior hits you but does no damage.
The orc warrior hits you with a +0 trident.
You hit the orc priest.
The orc priest is moderately wounded.
The orc warrior barely misses you. You block the orc priest's attack.
You whack the orc priest!
You kill the orc priest!
Qazlal accepts your kill.
The orc warrior hits you with a +0 trident.
You whack the orc warrior!
The orc warrior is heavily wounded.
You block the orc warrior's attack.
The orc warrior hits you with a +0 trident.
* * * LOW HITPOINT WARNING * * *
You hit the orc warrior but do no damage.
The orc warrior is heavily wounded.
You block the orc warrior's attack.
You hit the orc warrior but do no damage.
The orc warrior is heavily wounded.
The orc warrior hits you with a +0 trident.
* * * LOW HITPOINT WARNING * * *
Unknown command.
You hit the orc warrior.
The orc warrior is heavily wounded.
The orc warrior barely misses you.
You closely miss the orc warrior.
The orc warrior is heavily wounded.
The orc warrior hits you with a +0 trident!
You die...

#........### ###+#
#........########
#...............+
#........#####..#
#######)##......##
#####.##.....)..
#......#........
#......#o.o.....
#.....@#........
#.....o)........
#......##..##!..
#......# #.# #
####.### ..# #.
...# ## ...# ....


You could see an orc warrior.

Vanquished Creatures
  2 ogres (D:6)
  Blork the orc (D:4)
  A gnoll sergeant (D:5)
  2 scorpions
  A jelly (D:5)
  5 hounds (D:5)
  3 orc priests
  Jessica (D:3)
  A sleepcap (D:5)
  2 orc wizards
  Natasha (twice) (D:2)
  An iguana (D:5)
  Robin (D:2)
  7 adders
  7 gnolls
  A white imp (D:6)
  An ufetubus (D:6)
  A dart slug (D:3)
  13 orcs
  6 bats
  10 endoplasms
  3 giant cockroaches (D:2)
  18 goblins
  8 hobgoblins
  2 quokkas
  2 ball pythons
  10 frilled lizards
  8 kobolds
  3 rats
123 creatures vanquished.

Notes
Turn   | Place    | Note
-------+----------+-------------------------------------------
     0 | D:1      | fozzywoppz the Gargoyle Fighter began the quest for the
                  | Orb.
     0 | D:1      | Reached XP level 1. HP: 14/14 MP: 1/1
    77 | D:1      | Reached XP level 2. HP: 2/19 MP: 2/2
   637 | D:1      | Reached XP level 3. HP: 20/23 MP: 3/3
   981 | D:2      | Noticed Robin
  1008 | D:2      | Killed Robin
  1011 | D:2      | Reached XP level 4. HP: 9/29 MP: 4/4
  1691 | D:2      | Noticed Natasha
  1714 | D:2      | Killed Natasha
  1715 | D:2      | Reached skill level 4 in Fighting
  1796 | D:2      | Noticed Natasha
  1802 | D:2      | Killed Natasha
  1803 | D:2      | Reached XP level 5. HP: 28/33 MP: 5/5
  2206 | D:3      | Noticed Jessica
  2209 | D:3      | Killed Jessica
  2447 | D:3      | Identified the +1 robe of Gestures {+Inv Int+3}
  2614 | D:3      | You fall into a shaft and drop 3 floors!
  2628 | D:5      | Entered Level 5 of the Dungeon
  2660 | D:4      | Noticed Blork the orc
  2677 | D:4      | Killed Blork the orc
  2678 | D:4      | Reached XP level 6. HP: 12/39 MP: 6/6
  2812 | D:4      | Found a blossoming altar of Fedhas.
  2932 | D:4      | Reached skill level 5 in Shields
  3443 | D:4      | Found a staircase to the Ecumenical Temple.
  3453 | Temple   | Entered the Ecumenical Temple
  3547 | Temple   | Became a worshipper of Qazlal Stormbringer
  3704 | D:4      | Reached skill level 5 in Fighting
  3704 | D:4      | Reached skill level 5 in Armour
  3729 | D:4      | Reached XP level 7. HP: 40/44 MP: 7/7
  4776 | D:5      | Reached skill level 1 in Invocations
  4790 | D:5      | Reached skill level 6 in Fighting
  4949 | D:5      | Reached skill level 5 in Maces & Flails
  5173 | D:5      | Reached XP level 8. HP: 22/51 MP: 9/9
  5394 | D:6      | Slain by an orc warrior

Illustrated notes

Levels and vault maps discovered:
D:1:      dpeg_arrival_central, layout_rooms, dk_noncrumbling_4,
          dk_noncrumbling_3, minmay_lizard_pond
D:2:      minmay_chambers_of_twos, layout_loops_corners, uniq_natasha,
          uniq_robin
D:3:      layout_basic, chequers_decorated_corner, uniq_jessica
D:4:      layout_loops_ring, lemuel_crystal_altar, minmay_temple_entry_trees,
          uniq_blork_the_orc
D:5:      layout_rooms
D:6:      layout_rooms, lemuel_round_altar, minmay_liquid_box,
          dreamdust_gnoll_farm
Temple:   nicolae_temple_two_arcs

Skill      XL: |  1  2  3  4  5  6  7  8 |
---------------+-------------------------+-----
Shields        | 4 5 |  5.0
Fighting       | 4 5 6 |  6.7
Armour         | 4 5 |  5.0
Maces & Flails | 3 4 5 |  5.6
Invocations    | 2 3 |  3.1

Action                     |  1- 3 |  4- 6 |  7- 9 || total
---------------------------+-------+-------+-------++-------
  Melee: Flail             |   146 |   193 |       ||   339
         Whip              |       |       |   170 ||   170
  Evoke: Wand              |       |     6 |     9 ||    15
    Use: Potion            |     1 |     3 |       ||     4
         Scroll            |       |       |    15 ||    15
 Armour: Scale mail        |   105 |    96 |    76 ||   277
         Skin              |       |     3 |       ||     3
  Dodge: Dodged            |    75 |   118 |    74 ||   267
  Block: Buckler           |    32 |    51 |    43 ||   126
